 Dungeon Crawl Stone Soup version 0.29-a0-962-gc8bbfd0a37 (webtiles) character file.

Game seed: 17826158281434371163

56 tilp the Grave Robber (level 3, -8/27 HPs)
             Began as a Mummy Necromancer on July 30, 2022.
             Killed from afar by Terence (9 damage)
             ... with a puff of flame
             ... on level 2 of the Dungeon.
             The game lasted 00:02:48 (1771 turns).

tilp the Grave Robber (Mummy Necromancer)           Turns: 1771, Time: 00:02:49

Health: -8/27      AC:  2    Str: 11    XL:     3   Next: 69%
Magic:  1/7        EV: 12    Int: 16    God:
Gold:   27         SH:  0    Dex: 12    Spells: 4/8 levels left

rFire   x . .      SeeInvis .   a - +0 dagger (venom)
rCold   + . .      Faith    .   (no shield)
rNeg    + + +      Spirit   .   c - +0 robe
rPois   ∞          Reflect  .   (no helmet)
rElec   .          Harm     .   (no cloak)
rCorr   .          Rampage  .   (no gloves)
Will    .....                   (no boots)
Stlth   ++........              (no amulet)
HPRegen 0.09/turn               (no ring)
MPRegen 0.10/turn               (no ring)

@: no status effects
A: cold resistance 1, negative energy resistance 3, torment resistance 2, heat
vulnerability 1, in touch with death 1, no potions
a: no special abilities


You were on level 2 of the Dungeon.
You visited 1 branch of the dungeon, and saw 2 of its levels.

You collected 51 gold pieces.
You spent 24 gold pieces at shops.

Inventory:

Hand Weapons
 a - a +0 dagger of venom (weapon)
 b - a +0 dagger
Missiles
 f - 17 stones
 k - 5 boomerangs
Armour
 c - a +0 robe (worn)
Wands
 i - a wand of charming (11)
Scrolls
 d - a scroll of fog
 e - 3 scrolls of poison {unknown}
 g - a scroll of noise {unknown}
 h - 4 scrolls of identify
 j - a scroll of blinking {unknown}


   Skills:
 * Level 1.6 Fighting
 - Level 2.0 Dodging
 - Level 2.0 Stealth
 - Level 3.0 Spellcasting
 * Level 4.5 Necromancy


You had 4 spell levels left.
You knew the following spells:

 Your Spells              Type           Power      Damage    Failure   Level
a - Necrotise             Necr           100%       1d9       3%          1
b - Vampiric Draining     Necr           25%        2d7       9%          3

Your spell library contained the following spells:

 Spells                   Type           Power      Damage    Failure   Level
 Animate Dead             Necr           25%        N/A       28%         4
 Stone Arrow              Conj/Erth      4%         3d7       50%         3
 Tukima's Dance           Hex            2%         N/A       50%         3
 Animate Armour           Summ/Erth      4%         N/A       88%         4
 Passage of Golubria      Tloc           2%         N/A       88%         4
 Agony                    Necr           25%        N/A       63%         5
 Yara's Violent Unravell  Hex/Tmut       1%         3d3       99%         5
 Lehudib's Crystal Spear  Conj/Erth      1%         10d2      100%        8


Dungeon Overview and Level Annotations

Branches:
Dungeon (2/15)

Altars:

Shops:
D:1 ?

Annotations:
D:2 Terence


Innate Abilities, Weirdness & Mutations

You are immune to poison.
Your flesh is cold resistant. (rC+)
You are immune to negative energy. (rN+++)
You are immune to unholy pain and torment.
You are vulnerable to heat. (rF-)
You are in touch with the powers of death.
You do not drink.


Message History

Press: ? - help, Shift-Dir - straight line, f - Terence
Aim: Terence, wielding a +0 hand axe, wearing a +0 scale mail and carrying a wand of flame (20) (chance to affect: 88%)
Okay, then.
You hit Terence but do no damage. Terence misses you.
You hit Terence.
Terence is poisoned.
Terence is lightly wounded.
Terence shouts, "Get ready for death!"
Terence barely misses you.
Casting: Necrotise (safe; 3% risk of failure)
Confirm with . or Enter, or press ? or * to list all spells.
The spell is quite dangerous to miscast (9% risk of failure)!
Continue anyway?
Okay, then.
Unknown command.
Casting: Vampiric Draining (quite dangerous; 9% risk of failure)
Confirm with . or Enter, or press ? or * to list all spells.
The spell is quite dangerous to miscast (9% risk of failure)!
Continue anyway?
Aiming: Vampiric Draining (quite dangerous; 9% risk of failure)
Press: ? - help, Shift-Dir - straight line, f - Terence
Aim: Terence, wielding a +0 hand axe, wearing a +0 scale mail and carrying a wand of flame (20) (lightly wounded, very poisoned)
You feel a surge of power!
You draw life force from Terence!
You feel life coursing into your body. Terence misses you.
Unknown command.
Unknown command.
Unknown command.
Casting: Vampiric Draining (quite dangerous; 9% risk of failure)
Confirm with . or Enter, or press ? or * to list all spells.
The spell is quite dangerous to miscast (9% risk of failure)!
Continue anyway?
Aiming: Vampiric Draining (quite dangerous; 9% risk of failure)
Press: ? - help, Shift-Dir - straight line, f/p - Terence
Aim: Terence, wielding a +0 hand axe, wearing a +0 scale mail and carrying a wand of flame (20) (heavily wounded, very poisoned)
You feel a surge of power!
You draw life force from Terence.
You feel life coursing into your body.
Terence zaps a wand.
The puff of flame hits you! The fire burns you terribly!
* * * LOW HITPOINT WARNING * * *
Unknown command.
Unknown command.
You closely miss Terence.
Terence is severely wounded.
Terence zaps a wand.
The puff of flame hits you! The fire burns you terribly!
You die...

##### ####### ###...###
##########......
#.......##................
#.##.##..@@.##+##.........
#)#...#######...#.........
#...⌠...###...⌠.'...###..#
###.............#...##...#
###....<....###...##...#
###.....###.....#..#.#
##.⌠.##..........#.#
#.....###..###.#.#.#
....>.!..#### #.#.#.#


You could see Terence (very poisoned).

Vanquished Creatures
  A gnoll (D:1)
  A worm (D:2)
  2 bats (D:1)
  5 endoplasms
  6 giant cockroaches
  3 goblins
  3 hobgoblins (D:1)
  3 quokkas
  3 ball pythons
  A frilled lizard (D:1)
  5 kobolds
  4 rats
37 creatures vanquished.

Vanquished Creatures (collateral kills)
  A hobgoblin (D:1)
1 creature vanquished.

Grand Total: 38 creatures vanquished

Notes
Turn   | Place    | Note
-------+----------+-------------------------------------------
     0 | D:1      | tilp the Mummy Necromancer began the quest for the Orb.
     0 | D:1      | Reached XP level 1. HP: 13/13 MP: 4/4
   175 | D:1      | Reached XP level 2. HP: 20/20 MP: 1/5
   568 | D:1      | Reached skill level 1 in Fighting
   617 | D:1      | Gained mutation: You are in touch with the powers of death.
                  | [Mummy growth]
   617 | D:1      | Reached XP level 3. HP: 26/26 MP: 5/7
   621 | D:1      | Learned a level 3 spell: Vampiric Draining
   750 | D:1      | Found Xudeona's Magic Scroll Shoppe.
   965 | D:1      | Found a faded altar of an unknown god.
  1403 | D:1      | Bought a scroll of identify for 24 gold pieces
  1764 | D:2      | Noticed Terence
  1770 | D:2      | HP: 1/27 [Terence/puff of flame (13)]
  1771 | D:2      | Killed from afar by Terence

Illustrated notes

Levels and vault maps discovered:
D:1:      amcnicky_arrival_feature_with_door, layout_loops_ring, serial_shops,
          shop, shapermc_ecumenical_altar_venn, corexii_corridor_pit
D:2:      layout_rooms, grunt_ministairs_13, nicolae_elevator_lobby_plus,
          uniq_terence

Skill      XL: |  1  2  3 |
---------------+----------+-----
Fighting       | 1 |  1.6
Spellcasting   | 3 |  3.0
Dodging        | 2 |  2.0
Stealth        | 2 |  2.0
Necromancy     | |  4.5

Action                   || total
-------------------------++-------
Melee: Unarmed           ||     6
       Dagger            ||    64
 Cast: Necrotise         ||    32
       Vampiric Draining ||     2
  Use: Scroll            ||     1
 Stab: Sleeping          ||     7
Armor: Robe              ||    15
Dodge: Dodged            ||    38

Table legend: (Time is in decaauts)
 A = Elapsed time spent in this place.
 B = Non-inter-level travel time spent in this place.
 C = Inter-level travel time spent in this place.
 D = Time resting spent in this place.
 E = Time spent auto-exploring this place.
 F = Levels seen in this place.
 G = Mean time per level.
                   A        B        C        D        E       F      G
               +--------+--------+--------+--------+--------+-----+--------+
         Total |   1770 |   1625 |    145 |      0 |   1345 |   2 |  885.0 |
       Dungeon |   1770 |   1625 |    145 |      0 |   1345 |   2 |  885.0 |
               +--------+--------+--------+--------+--------+-----+--------+

Top non-repeatable levels by time:
     D:1: 1165 daAuts
     D:2: 604 daAuts
